 Dungeon Crawl Stone Soup version 0.27-a0-1532-gca18f49f40 (webtiles) character file.

Game seed: 12736980279102384425

2329 freelancePsychic the Skirmisher (level 9, -9/71 HPs)
             Began as a Demonspawn Hedge Wizard on July 13, 2021.
             Was a Follower of Makhleb.
             Mangled by a two-headed ogre (25 damage)
             ... on level 9 of the Dungeon.
             The game lasted 00:23:19 (11131 turns).

freelancePsychic the Skirmisher (DsWz)             Turns: 11131, Time: 00:23:19

Health: -9/71      AC:  9    Str: 10    XL:     9   Next: 19%
Magic:  7/14       EV: 13    Int: 19    God:    Makhleb [*.....]
Gold:   278        SH:  4    Dex: 13    Spells: 12/15 levels left

rFire    . . .     SeeInvis .     - Unarmed
rCold    . . .     Faith    .   (no shield)
rNeg     . . .     Spirit   .   d - +0 leather armour
rPois    .         Reflect  .   c - +0 hat
rElec    .         Harm     .   (no cloak)
rCorr    .         Rampage  .   (no gloves)
Will     .....                  l - +1 pair of boots
Stlth    ++........             (no amulet)
HPRegen  0.21/turn              f - +4 ring of protection
MPRegen  0.14/turn              (no ring)

@: no status effects
A: claws 2, condensation shield, demonic magic 2
a: Renounce Religion


You were on level 9 of the Dungeon.
You worshipped Makhleb.
Makhleb was aware of your devotion.
You visited 2 branches of the dungeon, and saw 10 of its levels.
You also visited: Sewer.

You collected 278 gold pieces.

Inventory:

Missiles
 j - 5 curare-tipped darts
 q - 5 throwing nets
Armour
 b - a +0 robe
 c - a +0 hat (worn)
 d - a +0 leather armour (worn)
 i - a +0 buckler
 l - a +1 pair of boots (worn)
Jewellery
 f - a +4 ring of protection (left claw)
Wands
 w - a wand of paralysis (5)
Scrolls
 a - 2 scrolls of vulnerability
 p - 4 scrolls of identify {@r1}
 s - a scroll of enchant armour
 t - a scroll of fog
 x - a scroll of magic mapping
 y - a scroll of immolation
Potions
 e - 3 potions of attraction
 h - 3 potions of curing {@q1}
 k - a potion of haste {@q3}
 m - 2 potions of heal wounds {@q2}
 n - a potion of might {unknown}
 o - a potion of brilliance {unknown}
 r - a potion of lignification {unknown}
 u - a potion of magic {unknown}
 v - a potion of degeneration {unknown}
 z - a potion of berserk rage {unknown}


   Skills:
 + Level 6.7 Fighting
 - Level 0.5 Short Blades
 + Level 5.1 Dodging
 - Level 2.8 Stealth
 + Level 4.9 Unarmed Combat
 - Level 3.5 Spellcasting
 - Level 3.0 Conjurations
 - Level 1.0 Summonings
 - Level 0.8 Translocations
 - Level 2.8 Transmutations
 - Level 2.8 Earth Magic


You had 12 spell levels left.
You knew the following spells:

 Your Spells              Type           Power      Damage    Failure   Level
a - Magic Dart            Conj           60%        1d6       5%          1
b - Passwall              Tmut/Erth      11%        N/A       9%          2

Your spell library contained the following spells:

 Spells                   Type           Power      Damage    Failure   Level
 Sandblast                Erth           28%        2d8       6%          1
 Call Imp                 Summ           7%         N/A       21%         2
 Blink                    Tloc           N/A        N/A       22%         2
 Slow                     Hex            3%         N/A       30%         2
 Conjure Flame            Conj/Fire      9%         6-21      32%         3
 Mephitic Cloud           Conj/Pois/Air  7%         N/A       36%         3
 Ignite Poison            Fire/Tmut/Pois 6%         N/A       38%         3
 Lee's Rapid Deconstruct  Erth           7%         3d7*      86%         5
 Bolt of Magma            Conj/Fire/Erth 5%         4d5       94%         5


Dungeon Overview and Level Annotations

Branches:
Dungeon (9/15)             Temple (1/1) D:5           Sewer (visited)
   Lair: D:8-11         Orc: D:9-12

Altars:
Ashenzari
Cheibriados
Dithmenos
Hepliaklqana
Kikubaaqudgha
Makhleb
Okawaru
Qazlal
Ru
Sif Muna
Trog
Uskayaw
Vehumet
Wu Jian
Xom
Yredelemnul
Zin

Shops:
D:3 *

Annotations:
D:6 3 runed translucent doors, unlimited1921's ghost, amateur DgFE


Innate Abilities, Weirdness & Mutations

You have very sharp fingernails.
A meltable shield of frost defends you. (SH +4)
Spells you cast may paralyse nearby enemies.


Message History

Casting: Magic Dart (safe; 5% risk of failure)
Confirm with . or Enter, or press ? or * to list all spells.
Aiming: Magic Dart (safe; 5% risk of failure)
Press: ? - help, Shift-Dir - straight line, f/p - acid dragon
Aim: an acid dragon (moderately wounded, catching its breath, 100% to hit)
The magic dart hits the acid dragon but does no damage.
The acid dragon is moderately wounded.
Malevolent energies surge around you.
The acid dragon suddenly stops moving!
Casting: Magic Dart (safe; 5% risk of failure)
Confirm with . or Enter, or press ? or * to list all spells.
Aiming: Magic Dart (safe; 5% risk of failure)
Press: ? - help, Shift-Dir - straight line, f/p - acid dragon
Aim: an acid dragon (moderately wounded, paralysed, 100% to hit)
Okay, then.
The helpless acid dragon fails to defend itself.
You scratch the acid dragon but do no damage.
The acid dragon is moderately wounded.
Casting: Magic Dart (safe; 5% risk of failure)
Confirm with . or Enter, or press ? or * to list all spells.
Aiming: Magic Dart (safe; 5% risk of failure)
Press: ? - help, Shift-Dir - straight line, f/p - acid dragon
Aim: an acid dragon (moderately wounded, paralysed, 100% to hit)
The magic dart hits the acid dragon but does no damage.
The acid dragon is moderately wounded.
Malevolent energies surge around you.
An orc warrior comes into view. It is wielding a +0 hand axe.
The two-headed ogre hits you with a +0 giant spiked club! x2
* * * LOW HITPOINT WARNING * * *
Casting: Magic Dart (safe; 5% risk of failure)
Confirm with . or Enter, or press ? or * to list all spells.
Aiming: Magic Dart (safe; 5% risk of failure)
Press: ? - help, Shift-Dir - straight line, f/p - acid dragon
Aim: an acid dragon (moderately wounded, paralysed, 100% to hit)
The magic dart hits the acid dragon.
The acid dragon is heavily wounded.
Malevolent energies surge around you.
The acid dragon is no longer paralysed.
An orc comes into view. It is wielding a +0 club.
You block the acid dragon's attack. The acid dragon closely misses you.
The two-headed ogre hits you with a +0 giant spiked club!!
You die...

##############
#............#
#.....D......#
#.....O@.....#
#............#
#.........<..#
.............#
..>..........oo.
..........#######
########..# #..#
#..#


You could see a two-headed ogre, an orc warrior, an acid dragon and an orc
(wandering).

Vanquished Creatures
  Eustachio (D:6)
  Edmund (D:5)
  A water moccasin (D:6)
  A black bear (D:5)
  An orc warrior (D:5)
  2 sky beasts
  2 necrophages
  An ogre (D:5)
  2 phantoms
  A bullfrog (D:6)
  A wyvern zombie (D:8)
  A scorpion (D:4)
  A water moccasin zombie (D:6)
  3 killer bees (D:6)
  A howler monkey (D:6)
  2 centaur zombies
  A gnoll shaman (D:5)
  4 jellies
  A centaur skeleton (D:4)
  An orc priest (D:5)
  A bullfrog skeleton (D:5)
  3 iguanas
  An orc wizard (D:4)
  2 hound skeletons (D:4)
  8 gnolls
  13 adders
  2 river rats (D:3)
  4 ufetubi
  3 adder skeletons (D:4)
  4 worms
  7 orcs
  5 endoplasms
  3 giant cockroaches
  9 goblins
  17 hobgoblins
  2 quokkas (D:1)
  8 ball pythons
  11 bats
  10 frilled lizards
  9 kobolds
  10 rats
161 creatures vanquished.

Vanquished Creatures (others)
  A plant (D:3)
1 creature vanquished.

Grand Total: 162 creatures vanquished

Notes
Turn   | Place    | Note
-------+----------+-------------------------------------------
     0 | D:1      | freelancePsychic the Demonspawn Hedge Wizard began the
                  | quest for the Orb.
     0 | D:1      | Reached XP level 1. HP: 13/13 MP: 4/4
   293 | D:1      | Reached skill level 1 in Fighting
   334 | D:1      | Gained mutation: Spells you cast may paralyse adjacent
                  | enemies. [demonic ancestry]
   334 | D:1      | Reached XP level 2. HP: 13/21 MP: 1/6
  1650 | D:1      | Reached XP level 3. HP: 27/27 MP: 1/7
  2445 | D:2      | Gained mutation: You have sharp fingernails. [demonic
                  | ancestry]
  2445 | D:2      | Reached XP level 4. HP: 33/33 MP: 6/9
  2814 | D:3      | Found a glowing drain.
  2821 | Sewer    | Entered a sewer
  3485 | D:3      | Found a hazy altar of Hepliaklqana.
  3516 | D:3      | Reached XP level 5. HP: 38/38 MP: 7/10
  3566 | D:3      | Found a basalt altar of Yredelemnul.
  3570 | D:3      | Reached skill level 2 in Fighting
  3586 | D:3      | Found a stormy altar of Qazlal.
  3591 | D:3      | Found a sacrificial altar of Ru.
  3772 | D:3      | Found Zin's Purification Station.
  3866 | D:3      | Found a radiant altar of Vehumet.
  4201 | D:4      | Noticed a phantom
  4202 | D:4      | Noticed a phantom
  4224 | D:3      | Killed a phantom
  4225 | D:3      | Reached skill level 1 in Unarmed Combat
  4308 | D:4      | Killed a phantom
  4309 | D:4      | Reached skill level 3 in Fighting
  4309 | D:4      | Gained mutation: You have very sharp fingernails. [demonic
                  | ancestry]
  4309 | D:4      | Reached XP level 6. HP: 37/47 MP: 4/11
  5054 | D:4      | Learned a level 2 spell: Passwall
  5114 | D:4      | Noticed an ice beast
  5454 | D:4      | Reached XP level 7. HP: 52/52 MP: 9/12
  5565 | D:5      | Entered Level 5 of the Dungeon
  5565 | D:5      | Found a staircase to the Ecumenical Temple.
  5614 | D:5      | Reached skill level 1 in Transmutations
  5614 | D:5      | Reached skill level 1 in Earth Magic
  5690 | Temple   | Entered the Ecumenical Temple
  5849 | Temple   | Became a worshipper of Makhleb the Destroyer
  5903 | D:5      | Found a shimmering blue altar of Sif Muna.
  5953 | D:4      | Reached skill level 4 in Fighting
  6935 | D:5      | You fall into a shaft and drop 1 floor!
  6953 | D:6      | Noticed Eustachio
  6963 | D:6      | Gained mutation: Spells you cast may paralyse nearby
                  | enemies. [demonic ancestry]
  6963 | D:6      | Reached XP level 8. HP: 27/61 MP: 1/13
  7376 | D:6      | Found a runed translucent gate.
  7376 | D:6      | Found a runed translucent gate.
  7593 | D:5      | Reached skill level 5 in Fighting
  7955 | D:5      | Noticed Edmund
  7958 | D:5      | Found an ornate altar of the Wu Jian Council.
  7987 | D:5      | Killed Edmund
  8589 | D:6      | Found a runed translucent gate.
  8591 | D:6      | Noticed unlimited1921's ghost (amateur DgFE)
  8592 | D:6      | Noticed a kobold demonologist
  8811 | D:6      | Reached skill level 6 in Fighting
  9385 | D:6      | Killed Eustachio
  9386 | D:6      | Gained mutation: A meltable shield of frost defends you.
                  | (SH +4) [demonic ancestry]
  9386 | D:6      | Reached XP level 9. HP: 63/71 MP: 8/14
  9807 | D:7      | Reached skill level 5 in Dodging
  9854 | D:7      | Reached * piety under Makhleb
 11120 | D:9      | Noticed a two-headed ogre
 11131 | D:9      | Mangled by a two-headed ogre

Illustrated notes

Levels and vault maps discovered:
D:1:      amcnicky_arrival_single_pillar, layout_basic
D:2:      layout_loops_cross
D:3:      layout_basic, zin_purify, nicolae_hepliaklqana_hazy_memory,
          general_overflow_altar, grunt_temple_overflow_diamond,
          lightli_sewer_entry_pipes, hangedman_decor_slide_cut,
          minmay_fractal_squares_gapless_5
D:4:      minmay_opposing_rooms, layout_loops_cross, minmay_splitting_lines
D:5:      layout_basic, mainiacjoe_overflow_brackets,
          nicolae_overflow_crystal_walls, minmay_temple_entry_proselytizer,
          uniq_edmund
D:6:      layout_loops_ring, gammafunk_ghost_nasty_kobolds, minmay_fountain_box,
          uniq_eustachio
D:7:      layout_rooms, nemelex_altar_shiori
D:8:      layout_cave_pools, mainiacjoe_overflow_chevrons,
          mainiacjoe_overflow_surrounded_room, kennysheep_nondescript,
          minmay_small_thing
D:9:      layout_small_grid, grunt_ministairs_3
Temple:   nicolae_temple_figure_zero

Skill      XL: |  1  2  3  4  5  6  7  8  9 |
---------------+----------------------------+-----
Fighting       | 1 3 4 6 |  6.7
Stealth        | 2 |  2.8
Conjurations   | 2 3 |  3.0
Dodging        | 2 3 4 5 |  5.1
Unarmed Combat | 1 2 4 |  4.9
Transmutations | 2 |  2.8
Earth Magic    | 2 |  2.8
Short Blades   | |  0.5
Spellcasting   | |  3.5
Summonings     | |  1.0
Translocations | |  0.8

Action                   |  1- 3 |  4- 6 |  7- 9 || total
-------------------------+-------+-------+-------++-------
Melee: Dagger            |    67 |    70 |       ||   137
       Unarmed           |       |    77 |   265 ||   342
       Punch             |       |       |     6 ||     6
 Cast: Magic Dart        |    60 |    91 |   192 ||   343
       Passwall          |       |       |     8 ||     8
  Use: Scroll            |     2 |     6 |     6 ||    14
       Potion            |       |       |     3 ||     3
 Stab: Sleeping          |     6 |     6 |     7 ||    19
       Distracted        |     1 |       |       ||     1
       Paralysed         |    19 |    26 |    94 ||   139
Armor: Leather armour    |    26 |    82 |   120 ||   228
Dodge: Dodged            |    41 |   128 |   186 ||   355
Block: Other             |       |       |    17 ||    17

Table legend: (Time is in decaauts)
 A = Elapsed time spent in this place.
 B = Non-inter-level travel time spent in this place.
 C = Inter-level travel time spent in this place.
 D = Time resting spent in this place.
 E = Time spent auto-exploring this place.
 F = Levels seen in this place.
 G = Mean time per level.
                   A        B        C        D        E       F      G
               +--------+--------+--------+--------+--------+-----+--------+
         Total |  11229 |  10942 |    287 |   2185 |   6842 |  11 | 1020.8 |
       Dungeon |  10447 |  10183 |    264 |   2046 |   6361 |   9 | 1160.8 |
        Temple |    168 |    145 |     23 |      0 |    113 |   1 |  168.0 |
         Sewer |    613 |    613 |      0 |    139 |    367 |   1 |  613.0 |
               +--------+--------+--------+--------+--------+-----+--------+

Top non-repeatable levels by time:
     D:5: 2342 daAuts
     D:6: 1975 daAuts
     D:1: 1735 daAuts
     D:4: 1391 daAuts
     D:3: 1205 daAuts
     D:2: 912 daAuts
   Sewer: 613 daAuts
     D:8: 495 daAuts
     D:7: 376 daAuts
  Temple: 168 daAuts
     D:9: 11 daAuts
